 Dungeon Sprint DCSS version 0.32-a0-42-ga30500b4d3 (webtiles) character file.

Game seed: 3644869759582372098

7810 Ambrosia the Cruncher (level 11, -6/111 HPs)
             Began as a Minotaur Gladiator on Feb 2, 2024.
             Was the Champion of Wu Jian.
             Killed from afar by an ironbound frostheart (13 damage)
             ... by creeping frost
             ... in the Dungeon (Sprint V: "Ziggurat Sprint").
             The game lasted 00:06:05 (693 turns).

Ambrosia the Cruncher (Minotaur Gladiator)           Turns: 693, Time: 00:06:05

Health: -6/111     AC: 31    Str: 34    XL:     11   Next: 1%
Magic:  10/10      EV: 14    Int:  5    God:    Wu Jian [******]
Gold:   0          SH:  0    Dex: 13    Spells: 10/10 levels left

rFire   . . .        x - +6 lajatang (spect)
rCold   . . .        (shield currently unavailable)
rNeg    . . .        A - +15 Maxwell's patent armour {-Cast -Tele rElec Will+ rCorr}
rPois   .            c - +0 hat
rElec   +            e - scarf {repulsion}
rCorr   +            (no gloves)
SInv    .            (no boots)
Will    +....        (no amulet) Stlth
                     C - +6 ring of strength
HPRegen 0.38/turn    B - +6 ring of strength
MPRegen 0.12/turn

%: no teleportation, no spellcasting, repel missiles
@: no status effects
A: horns 2, retaliatory headbutt
a: Renounce Religion, Wall Jump, Serpent's Lash, Heavenly Storm


You were in the Dungeon.
You worshipped Wu Jian.
Wu Jian was exalted by your worship.
You visited 1 branch

Inventory:

Hand Weapons
 w - a +5 lajatang
   (You found it in the Dungeon)
 x - a +6 spectral lajatang (weapon)
   (You found it in the Dungeon)
 y - the +12 orcbow "Apylyhaz" {heavy, Str+4 Dex+4 Stlth-}
   (You found it in the Dungeon)

   Str+4:     It affects your strength (+4).
   Dex+4:     It affects your dexterity (+4).
   Stlth-:    It makes you less stealthy.
 z - the +7 morningstar "Xizarpho" {drain, rElec rN++ Will-}
   (You found it in the Dungeon)

   rElec:     It insulates you from electricity.
   rN++:      It greatly protects you from negative energy.
   Will-:     It decreases your willpower.
Armour
 c - a +0 hat (worn)
 e - a scarf of repulsion (worn)
   (You found it in the Dungeon)
 A - the +15 Maxwell's patent armour (worn) {-Cast -Tele rElec Will+ rCorr}
   (You found it in the Dungeon)

   rElec:     It insulates you from electricity.
   Will+:     It increases your willpower.
   -Cast:     It prevents spellcasting.
   -Tele:     It prevents most forms of teleportation.
   rCorr:     It protects you from acid and corrosion.
Magical Staves
 b - a staff of alchemy
   (You found it in the Dungeon)
Jewellery
 o - the ring "Neimauho" {MP+9 Str+3 Stlth+}
   (You found it in the Dungeon)

   [ring of magical power]

   Str+3:     It affects your strength (+3).
   MP+9:      It affects your magic capacity (+9).
   Stlth+:    It makes you more stealthy.
 B - a +6 ring of strength (right hand)
   (You found it in the Dungeon)
 C - a +6 ring of strength (left hand)
   (You found it in the Dungeon)
Wands
 a - a wand of charming (4)
   (You found it in the Dungeon)
 d - a wand of polymorph (2)
   (You found it in the Dungeon)
 u - a wand of mindburst (7)
   (You found it in the Dungeon)
 v - a wand of light (7)
   (You found it in the Dungeon)
Scrolls
 k - 4 scrolls of blinking {!r!d}
 q - 4 scrolls of amnesia
 r - 7 scrolls of fog
 s - 5 scrolls of identify {@r1}
 t - 2 scrolls of fear
Potions
 f - 10 potions of curing {@q1, !d}
 g - 10 potions of heal wounds {@q2, !d}
 h - 6 potions of haste
 i - 7 potions of magic
 j - 3 potions of berserk rage {!q}
 l - 2 potions of brilliance
 m - 2 potions of invisibility
 n - 4 potions of resistance
 p - 5 potions of might


   Skills:
 + Level 14.6 Fighting
 + Level 14.8 Staves
 + Level 12.4 Throwing
 + Level 14.3 Armour
 + Level 13.6 Dodging


You had 10 spell levels left.
You didn't know any spells.
Your spell library contained the following spells:

 Spells                   Type           Power      Damage    Failure   Level
 Apportation              Tloc           0%         N/A       94%         1
 Sandblast                Erth           0%         2d4       94%         1
 Jinxbite                 Hex            0%         N/A       98%         2
 Gell's Gravitas          Tloc           0%         N/A       100%        3
 Inner Flame              Hex/Fire       0%         N/A       100%        3
 Passwall                 Erth           0%         N/A       100%        3
 Stone Arrow              Conj/Erth      0%         3d7       100%        3
 Swiftness                Air            0%         N/A       100%        3
 Brom's Barrelling Bould  Conj/Erth      0%         2d3       100%        4
 Alistair's Intoxication  Alch           0%         N/A       100%        5
 Fireball                 Conj/Fire      0%         3d3       100%        5
 Iskenderun's Battlesphe  Conj           0%         2d6       100%        5
 Bombard                  Conj/Erth      0%         9d1       100%        6
 Spellforged Servitor     Conj/Summ      0%         N/A       100%        7


Dungeon Overview and Level Annotations

Branches:
Dungeon (1/1) Zot: 27000

Altars:
Ashenzari
Cheibriados
Dithmenos
Elyvilon
Fedhas
Gozag
Hepliaklqana
Kikubaaqudgha
Makhleb
Nemelex Xobeh
Okawaru
Qazlal
Ru
Sif Muna
Trog
Uskayaw
Vehumet
Wu Jian
Xom
Yredelemnul
Zin
The Shining One
Jiyva
Lugonu

Annotations:
D 1 transporter


Innate Abilities, Weirdness & Mutations

You have a pair of horns on your head.
You reflexively headbutt those who attack you in melee.


Message History

Your Dodging skill increases to level 13!
Your +6 spectral lajatang disappears.
You pick up the Treatise on Stones and Incineration and begin reading...
You add the spell Fireball to your library.
Things that are here:
a +0 long sword; an elf corpse You start resting.
z - the +7 morningstar "Xizarpho" {drain, rElec rN++ Will-} You regained 23 hp, and now have 60/102 hp.
You see here a +0 helmet of intelligence.
There is a transporter here.
Welcome to arena 8.
You enter the transporter and appear at another place.
A yaktaur captain, a yaktaur, 4 humans and a harpy come into view.
An arcanist is wielding a +0 dagger of speed.
The yaktaur captain shouts!
The yaktaur shouts!
The vault guard shouts! x2
The harpy screeches!
Unknown command.
Aiming: Wall Jump
Press: ? - help, Dir - move target
Okay, then.
The yaktaur wields a +0 arbalest.
The yaktaur shoots a bolt.
The bolt closely misses you.
The yaktaur captain wields a +0 arbalest.
The yaktaur captain shoots a bolt.
The bolt completely misses you.
Aiming: Wall Jump
Press: ? - help, Dir - move target You repeatedly attack the harpy from above.
You closely miss the harpy. You slice the harpy!!
Your headbutt misses the harpy. You slash the harpy!
Your +6 spectral lajatang hits the harpy but does no damage. x2
Your +6 spectral lajatang completely misses the harpy.
The harpy claws you but does no damage. The harpy misses you.
The harpy claws you but does no damage. The harpy barely misses you.
The vault guard misses you.
The vault guard barely misses your +6 spectral lajatang.
The yaktaur shoots a bolt.
The bolt closely misses you.
The bolt hits the harpy!
The harpy dies!
Your Fighting skill increases to level 14!
Your Throwing skill increases to level 12!
You regained 2 hp, and now have 63/103 hp.
Okay, then.
Your +6 spectral lajatang disappears.
You see here a harpy corpse.
The ironbound frostheart calls freezing cold from the walls.
The frost grips you.
You are encased in ice.
You take 5 damage, and have 58/103 hp.
Aiming: Wall Jump
Press: ? - help, Dir - move target You repeatedly attack the vault guard from above.
You barely miss the vault guard. You hit the vault guard.
Your headbutt misses the vault guard. You barely miss the vault guard.
You slice the vault guard!!
You repeatedly attack the vault guard from above.
You slice the vault guard!! Your headbutt misses the vault guard.
You hit the vault guard. You slice the vault guard!!
You hit the vault guard but do no damage.
Your +6 spectral lajatang barely misses the vault guard.
Your +6 spectral lajatang hits the vault guard!!
You kill the vault guard!
The Council accepts your kill.
Your +6 spectral lajatang hits the vault guard!!
Your +6 spectral lajatang closely misses the vault guard.
Your +6 spectral lajatang hits the vault guard but does no damage.
Your +6 spectral lajatang hits the vault guard!
You kill the vault guard!
The Council accepts your kill.
The yaktaur shoots a bolt.
The bolt barely misses you.
The yaktaur captain unwields a +0 arbalest.
The yaktaur captain misses your +6 spectral lajatang.
Your Armour skill increases to level 14!
You have reached level 11!
You regained 5 hp, and now have 63/111 hp.
MP restored: 10 Your +6 spectral lajatang disappears.
The yaktaur shoots a bolt.
The bolt closely misses you.
Items here: ) [ ††.
The ice encasing you melts away.
The ironbound frostheart calls freezing cold from the walls.
The frost grips you!!
You are encased in ice.
The yaktaur captain wields a +0 arbalest.
The yaktaur captain shoots a bolt.
The bolt hits you!!
* * * LOW HITPOINT WARNING * * *
You take 58 damage, and have 6/111 hp.
MASSIVE DAMAGE!!
Aiming: Wall Jump
Press: ? - help, Dir - move target
Okay, then.
Aiming: Wall Jump
Press: ? - help, Dir - move target You repeatedly attack the arcanist from above.
You slice the arcanist!! You headbutt the arcanist!
You kill the arcanist!
The Council accepts your kill. The ice encasing you melts away.
The ironbound frostheart calls freezing cold from the walls.
The frost grips you!
You die...

▓...©....▓...©....▓
▓▓▓▓▓▓▓▓▓▓▓▓▓▓▓▓▓▓▓
▓...8©8...▓..8©8..▓
▓..[!|:...▓.././..▓
▓...:||...▓../....▓
▓.........▓.......▓
▓.........▓.......▓
▓....c)°○○▓.......▓
▓.....cp@○▓...†...▓
▓.▓...)○▓°▓.......▓
▓....©....▓...©...▓
▓▓▓▓▓▓▓▓▓▓▓▓▓▓▓▓▓▓▓
▓..8©8..▓ ▓..|[/..▓
▓..).)..▓ ▓..)....▓
▓...)...▓


You could see a yaktaur captain, an ironbound frostheart and a yaktaur.

Vanquished Creatures
  2 vault guards (D)
  3 dancing weapons (D)
  A deep elf knight (D)
  An arcanist (D)
  A deep elf pyromancer (D)
  A deep elf zephyrmancer (D)
  5 draconians (D)
  A tarantella (D)
  A jumping spider (D)
  A spriggan (D)
  A hell hound (D)
  2 black bears (D)
  A phantom (D)
  2 scorpions (D)
  2 wights (D)
  2 quasits (D)
  A mummy (D)
  A shadow imp (D)
  An adder skeleton (D)
  A bat zombie (D)
  A ball python skeleton (D)
  A quokka zombie (D)
33 creatures vanquished.

Vanquished Creatures (others)
  A harpy (D)
1 creature vanquished.

Grand Total: 34 creatures vanquished

Notes
Turn   | Place    | Note
-------+----------+-------------------------------------------
     0 | D        | Ambrosia the Minotaur Gladiator began the quest for the
                  | Orb.
     0 | D        | Reached XP level 1. HP: 18/18 MP: 0/0
     0 | D        | Found a shimmering blue altar of Sif Muna.
     0 | D        | Found a bloodstained altar of Trog.
     0 | D        | Found a sacrificial altar of Ru.
     0 | D        | Found a stormy altar of Qazlal.
     0 | D        | Found an iron altar of Okawaru.
     1 | D        | Found a sparkling altar of Nemelex Xobeh.
     1 | D        | Found a blossoming altar of Fedhas.
     1 | D        | Found the +6 Majin-Bo {spellvamp, MP+6 Int+6}
     1 | D        | Found the +27 heavy crossbow "Sniper" {heavy, Acc+∞ SInv}
     1 | D        | Found the +10 dark maul {heavy}
     1 | D        | Found the +15 Maxwell's patent armour {-Cast -Tele rElec
                  | Will+ rCorr}
     1 | D        | Found the +18 shield of the Gong {Loud rN+ Will+ rCorr
                  | EV-5}
     1 | D        | Found the +16 obsidian axe {drain, demonic, Mesm ^Drain Fly
                  | SInv}
     1 | D        | Found the +7 great mace "Firestarter" {flame, immolate,
                  | rFlCloud rF++}
     1 | D        | Found the +6 shillelagh "Devastator" {shatter}
     1 | D        | Found the +11 plutonium sword {^Contam Stlth-}
     1 | D        | Found the +8 lance "Wyrmbane" {slay drac, rPois rF+ rC+
                  | AC+3}
     1 | D        | Found the +9 sword of Zonguldrok {reap}
     1 | D        | Found the +13 scythe of Curses {drain, curses, ^Drain}
     1 | D        | Found the +9 sword of Power {lifebolt}
     1 | D        | Found the +7 mace of Variability {chaos, chaos arc}
     1 | D        | Found the +11 Singing Sword {sonic wave}
     1 | D        | Found the +8 storm bow {elec, penet}
     3 | D        | Found a transporter.
     3 | D        | Found an ancient bone altar of Kikubaaqudgha.
     3 | D        | Found a viscous altar of Jiyva.
     3 | D        | Found a corrupted altar of Lugonu.
     3 | D        | Found a hazy altar of Hepliaklqana.
     3 | D        | Found a burning altar of Makhleb.
     3 | D        | Found an opulent altar of Gozag.
   173 | D        | Became a worshipper of the Wu Jian Council
   188 | D        | Reached skill level 4 in Fighting
   188 | D        | Reached skill level 5 in Staves
   188 | D        | Reached skill level 3 in Throwing
   188 | D        | Reached skill level 3 in Armour
   188 | D        | Reached skill level 4 in Dodging
   188 | D        | Reached XP level 2. HP: 28/28 MP: 1/1
   189 | D        | Entered arena 2.
   189 | D        | Found a transporter.
   192 | D        | Reached skill level 4 in Throwing
   192 | D        | Reached skill level 4 in Armour
   192 | D        | Reached skill level 5 in Dodging
   194 | D        | Got Magic and You
   198 | D        | Entered arena 3.
   198 | D        | Noticed a black bear
   198 | D        | Noticed a spriggan
   198 | D        | Noticed a black bear
   198 | D        | Found a transporter.
   205 | D        | Killed a black bear
   205 | D        | Reached * piety under Wu Jian
   206 | D        | Reached skill level 6 in Fighting
   206 | D        | Reached skill level 6 in Staves
   206 | D        | Reached skill level 5 in Throwing
   206 | D        | Reached skill level 5 in Armour
   206 | D        | Reached skill level 6 in Dodging
   206 | D        | Reached XP level 3. HP: 26/37 MP: 2/2
   206 | D        | Reached XP level 4. HP: 31/44 MP: 3/3
   209 | D        | Killed a spriggan
   210 | D        | Reached skill level 7 in Fighting
   210 | D        | Reached skill level 7 in Staves
   210 | D        | Reached skill level 6 in Throwing
   210 | D        | Reached skill level 6 in Armour
   210 | D        | Reached skill level 7 in Dodging
   210 | D        | Reached XP level 5. HP: 35/52 MP: 4/4
   210 | D        | Killed a black bear
   211 | D        | Reached skill level 8 in Staves
   211 | D        | Reached skill level 7 in Armour
   211 | D        | Reached XP level 6. HP: 41/61 MP: 5/5
   385 | D        | Entered arena 4.
   385 | D        | Noticed a jumping spider
   385 | D        | Noticed a tarantella
   385 | D        | Found a transporter.
   389 | D        | Killed a tarantella
   389 | D        | Reached ** piety under Wu Jian
   390 | D        | Reached skill level 8 in Fighting
   390 | D        | Reached skill level 9 in Staves
   390 | D        | Reached skill level 7 in Throwing
   390 | D        | Reached skill level 8 in Armour
   390 | D        | Reached skill level 8 in Dodging
   390 | D        | Reached XP level 7. HP: 69/69 MP: 6/6
   392 | D        | Killed a jumping spider
   393 | D        | Reached skill level 9 in Fighting
   393 | D        | Reached skill level 9 in Armour
   398 | D        | Reached skill level 9 in Dodging
   404 | D        | Got the +5 chain mail of Yggij {*Slow rF+ Slay+5 Stlth+}
   411 | D        | Entered arena 5.
   411 | D        | Found a transporter.
   414 | D        | Reached *** piety under Wu Jian
   415 | D        | Reached skill level 8 in Throwing
   417 | D        | Reached skill level 10 in Staves
   424 | D        | Got the +7 trident of Amorality {protect, rC+ Dex+2}
   438 | D        | Entered arena 6.
   438 | D        | Noticed a draconian
   438 | D        | Noticed a draconian
   438 | D        | Noticed a draconian
   438 | D        | Noticed a draconian
   438 | D        | Noticed a draconian
   438 | D        | Found a transporter.
   442 | D        | Killed a draconian
   442 | D        | Reached **** piety under Wu Jian
   443 | D        | Reached skill level 10 in Fighting
   443 | D        | Reached skill level 10 in Armour
   443 | D        | Reached XP level 8. HP: 79/80 MP: 7/7
   446 | D        | Killed a draconian
   447 | D        | Reached skill level 11 in Fighting
   447 | D        | Reached skill level 11 in Staves
   447 | D        | Reached skill level 9 in Throwing
   447 | D        | Reached skill level 10 in Dodging
   450 | D        | Killed a draconian
   451 | D        | Reached skill level 11 in Armour
   451 | D        | Reached XP level 9. HP: 55/89 MP: 8/8
   454 | D        | Killed a draconian
   454 | D        | Reached ***** piety under Wu Jian
   455 | D        | Reached skill level 12 in Staves
   455 | D        | Reached skill level 10 in Throwing
   455 | D        | Reached skill level 11 in Dodging
   458 | D        | Killed a draconian
   459 | D        | Reached skill level 12 in Fighting
   576 | D        | Got the ring "Neimauho" {MP+9 Str+3 Stlth+}
   579 | D        | Entered arena 7.
   581 | D        | Found a transporter.
   587 | D        | Reached skill level 12 in Armour
   602 | D        | Got the +12 orcbow "Apylyhaz" {heavy, Str+4 Dex+4 Stlth-}
   604 | D        | Entered arena 8.
   604 | D        | Noticed a deep elf pyromancer
   604 | D        | Noticed a deep elf knight
   604 | D        | Noticed a deep elf zephyrmancer
   604 | D        | Noticed a +3 trident of protection
   604 | D        | Noticed a +0 war axe of distortion
   604 | D        | Noticed a +2 dire flail of protection
   605 | D        | Found a transporter.
   605 | D        | Killed a +3 trident of protection
   608 | D        | Killed a deep elf pyromancer
   608 | D        | HP: 37/92 [+0 war axe of distortion (16)]
   609 | D        | Reached skill level 13 in Staves
   609 | D        | Reached skill level 11 in Throwing
   609 | D        | Reached skill level 12 in Dodging
   609 | D        | Reached XP level 10. HP: 40/100 MP: 9/9
   609 | D        | Killed a +0 war axe of distortion
   609 | D        | Killed a +2 dire flail of protection
   609 | D        | Reached ****** piety under Wu Jian
   610 | D        | Reached skill level 13 in Fighting
   610 | D        | Reached skill level 13 in Armour
   614 | D        | Killed a deep elf zephyrmancer
   617 | D        | HP: 36/102 [something (8)]
   618 | D        | Killed a deep elf knight
   619 | D        | Reached skill level 14 in Staves
   619 | D        | Reached skill level 13 in Dodging
   620 | D        | Got the Treatise on Stones and Incineration
   682 | D        | Got the +7 morningstar "Xizarpho" {drain, rElec rN++ Will-}
   685 | D        | Entered arena 9.
   685 | D        | Noticed a yaktaur captain
   685 | D        | Noticed a vault guard
   685 | D        | Noticed an ironbound frostheart
   685 | D        | Noticed a vault guard
   685 | D        | Noticed an arcanist
   685 | D        | Noticed a harpy
   687 | D        | Found a transporter.
   687 | D        | Killed a harpy
   688 | D        | Reached skill level 14 in Fighting
   688 | D        | Reached skill level 12 in Throwing
   690 | D        | Killed a vault guard
   690 | D        | Killed a vault guard
   691 | D        | Reached skill level 14 in Armour
   691 | D        | Reached XP level 11. HP: 63/111 MP: 10/10
   692 | D        | HP: 35/111 [ironbound frostheart/creeping frost (29)]
   692 | D        | HP: 6/111 [yaktaur captain/bolt (29)]
   693 | D        | Killed an arcanist
   693 | D        | Killed from afar by an ironbound frostheart

Illustrated notes

Levels and vault maps discovered:
D:        sprint_v [room_start, room_1, room_2, room_3, room_4, room_5, room_6,
          room_7, room_8, room_9, room_10, room_11, room_12, room_13, room_14,
          room_15, room_16, room_17, room_18, room_19, room_20, room_21,
          room_22, room_23, room_24, room_25, room_26, room_27]

Skill      XL: |  1  2  3  4  5  6  7  8  9 10 |
---------------+-------------------------------+-----
Fighting       | 4 6 7 8 10 11 12 14 | 14.6
Staves         | 5 6 7 8 9 10 11 13 14 | 14.8
Throwing       | 3 5 6 7 8 9 11 12 | 12.4
Armour         | 3 5 6 7 8 10 11 12 14 | 14.3
Dodging        | 4 6 7 8 9 10 12 13 | 13.6

Action                     |  1- 3 |  4- 6 |  7- 9 | 10-12 || total
---------------------------+-------+-------+-------+-------++-------
  Melee: Lajatang          |     8 |     8 |    52 |    21 ||    89
         Headbutt          |     2 |     2 |     6 |     2 ||    12
 Invoke: Serpent's Lash    |       |       |     1 |       ||     1
Ability: Lunge             |     1 |       |     1 |       ||     2
         Whirlwind         |       |       |     9 |     3 ||    12
         Wall Jump         |       |       |     2 |     3 ||     5
    Use: Potion            |     1 |       |       |       ||     1
         Scroll            |       |       |     1 |       ||     1
 Armour: Plate armour      |    25 |    17 |    48 |    11 ||   101
  Dodge: Dodged            |    15 |    10 |    32 |    11 ||    68
         Repelled          |       |       |       |     1 ||     1

Table legend: (Time is in decaauts)
 A = Elapsed time spent in this place.
 B = Non-inter-level travel time spent in this place.
 C = Inter-level travel time spent in this place.
 D = Time resting spent in this place.
 E = Time spent auto-exploring this place.
 F = Levels seen in this place.
 G = Mean time per level.
                   A        B        C        D        E       F      G
               +--------+--------+--------+--------+--------+-----+--------+
         Total |    688 |    688 |      0 |    333 |      6 |   1 |  688.0 |
       Dungeon |    688 |    688 |      0 |    333 |      6 |   1 |  688.0 |
               +--------+--------+--------+--------+--------+-----+--------+

Top non-repeatable levels by time:
       D: 688 daAuts

Levels and vault maps discovered:
D:        sprint_v [room_start, room_1, room_2, room_3, room_4, room_5, room_6,
          room_7, room_8, room_9, room_10, room_11, room_12, room_13, room_14,
          room_15, room_16, room_17, room_18, room_19, room_20, room_21,
          room_22, room_23, room_24, room_25, room_26, room_27]

Table legend: (Time is in decaauts)
 A = Elapsed time spent in this place.
 B = Non-inter-level travel time spent in this place.
 C = Inter-level travel time spent in this place.
 D = Time resting spent in this place.
 E = Time spent auto-exploring this place.
 F = Levels seen in this place.
 G = Mean time per level.
                   A        B        C        D        E       F      G
               +--------+--------+--------+--------+--------+-----+--------+
         Total |    688 |    688 |      0 |    333 |      6 |   1 |  688.0 |
       Dungeon |    688 |    688 |      0 |    333 |      6 |   1 |  688.0 |
               +--------+--------+--------+--------+--------+-----+--------+

Top non-repeatable levels by time:
       D: 688 daAuts

Table legend:
 A = Kills in this place as a percentage of kills in the entire game.
 B = Kills by you in this place as a percentage of kills by you in the entire game.
 C = Kills by friends in this place as a percentage of kills by friends in the entire game.
 D = Other kills in this place as a percentage of other kills in the entire game.
 E = Experience gained in this place as a percentage of experience gained in the entire game.
 F = Experience gained in this place divided by the number of levels of this place that you have seen.
                   A       B       C       D       E      F
               +-------+-------+-------+-------+-------+----------------------
         Total | 100.0 | 100.0 |   N/A | 100.0 | 100.0 | 11855.0
       Dungeon | 100.0 | 100.0 |   N/A | 100.0 | 100.0 | 11855.0
               +-------+-------+-------+-------+-------+----------------------
